 Dungeon Crawl Stone Soup version 0.23.2-1-ga50397a (webtiles) character file.

Game seed: 7829990718782358300

4531 xveg the Cleaver (level 10, -1/85 (86) HPs)
             Began as a Minotaur Gladiator on May 8, 2019.
             Was an Initiate of Gozag.
             Slain by an eight-headed hydra (11 damage)
             ... on level 9 of the Dungeon.
             The game lasted 00:23:01 (7463 turns).

xveg the Cleaver (Minotaur Gladiator)               Turns: 7463, Time: 00:23:06

HP:   -1/85 (86)    AC: 11    Str: 32    XL:     10   Next: 17%
MP:   9/9           EV: 11    Int:  5    God:    Gozag
Gold: 739           SH: 21    Dex: 14    Spells: 9/9 levels left

rFire    . . .     SeeInvis .   R - +6 short sword of Generosity {holy, Str+4}
rCold    . . .     Gourm    .   E - +3 large shield
rNeg     . . .     Faith    .   t - +0 ring mail
rPois    .         Spirit   .   c - +0 hat
rElec    .         Reflect  .   (no cloak)
rCorr    .         Harm     .   e - +0 pair of gloves
MR       .....                  p - +2 pair of boots
Stlth    +.........             (no amulet)
HPRegen  0.24/turn              J - +6 ring of strength
MPRegen  0.11/turn              D - +2 ring of dexterity

@: no status effects
A: retaliatory headbutt, horns 2
a: Potion Petition, Call Merchant, Bribe Branch, Renounce Religion


You were on level 9 of the Dungeon.
You worshipped Gozag.
Gozag was pleased with you.
You were not hungry.

You visited 2 branches of the dungeon, and saw 10 of its levels.

You collected 1248 gold pieces.
You paid 509 gold pieces to Gozag.

Inventory:

Hand Weapons
 a - a +1 war axe
 o - a +0 hunting sling
 K - a +0 shortbow
 R - the +6 short sword of Generosity (weapon) {holy, Str+4}
   (You found it on level 9 of the Dungeon)

   It has been blessed by the Shining One to cause great damage to the undead
   and demons.
   It affects your strength (+4).
Missiles
 q - 6 javelins (quivered)
 w - 30 sling bullets
 O - 85 arrows
 Q - 4 curare-tipped needles
Armour
 b - a +0 leather armour
 c - a +0 hat (worn)
 e - a +0 pair of gloves (worn)
 l - a +0 buckler
 p - a +2 pair of boots (worn)
 t - a +0 ring mail (worn)
 u - a +0 plate armour
 x - a +0 pair of boots
 E - a +3 large shield (worn)
Magical Staves
 M - an uncursed staff of earth
Jewellery
 m - an uncursed ring of wizardry
 D - a +2 ring of dexterity (right hand)
 I - an uncursed ring of positive energy
 J - a +6 ring of strength (left hand)
Scrolls
 h - 6 scrolls of teleportation
 i - 6 scrolls of identify
 k - 3 scrolls of enchant weapon
 s - 4 scrolls of amnesia {unknown}
 y - a scroll of blinking {unknown}
 z - 4 scrolls of remove curse {unknown}
 B - 2 scrolls of random uselessness {unknown}
 H - a scroll of immolation {unknown}
 L - a scroll of summoning {unknown}
Potions
 g - 5 potions of curing
 j - 6 potions of heal wounds {unknown}
 n - a potion of degeneration {unknown}
 r - a potion of lignification {unknown}
 v - 2 potions of flight {unknown}
 A - 2 potions of resistance {unknown}
 C - 2 potions of haste {unknown}
 F - a potion of magic {unknown}
 G - a potion of might {unknown}
 N - 2 potions of ambrosia {unknown}
 P - a potion of berserk rage {unknown}
Comestibles
 f - 10 rations


   Skills:
 + Level 7.0 Fighting
 + Level 0.3 Short Blades
 + Level 11.4 Axes
 + Level 3.1 Throwing
 + Level 7.1 Armour
 + Level 6.5 Dodging
 - Level 0.4 Stealth
 + Level 7.0 Shields


You had 9 spell levels left.
You didn't know any spells.
Your spell library was empty.

Dungeon Overview and Level Annotations

Branches:
Dungeon (9/15)             Temple (1/1) D:4
   Lair: D:8-11         Orc: D:9-12

Altars:
Ashenzari
Cheibriados
Dithmenos
Elyvilon
Fedhas
Gozag
Hepliaklqana
Kikubaaqudgha
Makhleb
Nemelex Xobeh
Okawaru
Qazlal
Ru
Sif Muna
Trog
Uskayaw
Vehumet
Wu Jian
Xom
Yredelemnul
Zin
The Shining One

Shops:
D:7 *


Innate Abilities, Weirdness & Mutations

You reflexively headbutt those who attack you in melee.
You have a pair of horns on your head.


Message History

The troll bites you!
* * * LOW HITPOINT WARNING * * *
The troll barely misses you. You block the troll's attack.
Throwing (i - inventory)
q - 8 javelins (quivered)
Press: ? - help, Shift-Dir - straight line, f - troll, p - hound
Aim: a troll You throw a javelin.
The javelin hits the troll.
The troll is lightly wounded.
Throwing (i - inventory)
q - 7 javelins (quivered)
Press: ? - help, Shift-Dir - straight line, f - eight-headed hydra, p - troll
Aim: an eight-headed hydra You throw a javelin.
The javelin hits the eight-headed hydra.
The eight-headed hydra is lightly wounded.
You block the eight-headed hydra's attack. x2
The eight-headed hydra bites you.
* * * LOW HITPOINT WARNING * * *
The eight-headed hydra bites you!
You die...
Your body crumbles into a pile of gold.

.## #.... ..# #.... #.#
......... #.# ....#....
####O#########.#####..<#....
.5Z.oT$O.##...#...##........
.###'###.##...##..##..#.....
#T#...).#...#........
#.#D@.###...#........
#T(h..#..)..'..#....>
#.#..#####..#........
#.#......#..#..##....
#.#.#######.#..<.....
..#.........#........
#######.#####.......#
#.......## #......##.


You could see an eight-headed hydra, a troll and a hound.

Vanquished Creatures
  A gargoyle (D:8)
  A spriggan (D:7)
  A vampire mosquito (D:9)
  A hungry ghost (D:7)
  4 ice beasts
  3 orc warriors
  2 black bears
  A sky beast (D:6)
  2 necrophages
  4 centaurs
  3 ogres
  A crocodile (D:7)
  Blork the orc (D:4)
  A wyvern zombie (D:8)
  5 scorpions
  9 killer bees
  5 wights (D:8)
  3 howler monkeys
  A bullfrog zombie (D:9)
  2 crimson imps
  An orc priest (D:6)
  A hound (D:9)
  7 orc wizards
  A bullfrog skeleton (D:6)
  3 jellies
  2 centaur skeletons
  An iguana (D:4)
  Ijyb (D:4)
  3 worker ants
  A hound skeleton (D:8)
  9 gnolls
  8 adders
  3 shadow imps
  2 oozes
  2 adder skeletons
  4 worms
  3 dart slugs
  2 leopard geckos
  31 orcs
  A ball python (D:2)
  9 giant cockroaches
  10 goblins
  7 hobgoblins
  6 jackals
  4 kobolds
  4 quokkas
  8 bats
  8 frilled lizards
  A giant cockroach zombie (D:6)
  A jackal skeleton (D:5)
  A quokka skeleton (D:4)
  A rat (D:1)
197 creatures vanquished.

Notes
Turn   | Place    | Note
-------+----------+-------------------------------------------
     0 | D:1      | xveg the Minotaur Gladiator began the quest for the Orb.
     0 | D:1      | Reached XP level 1. HP: 18/18 MP: 0/0
   180 | D:1      | Reached XP level 2. HP: 23/25 MP: 1/1
   289 | D:1      | Reached skill level 4 in Axes
   875 | D:2      | Reached XP level 3. HP: 26/30 MP: 2/2
   991 | D:2      | Reached skill level 1 in Armour
  1348 | D:2      | Reached XP level 4. HP: 27/37 MP: 3/3
  1438 | D:2      | HP: 1/37 [gnoll/+0 halberd (5)]
  1872 | D:2      | Found a blossoming altar of Fedhas.
  2121 | D:2      | Found a stormy altar of Qazlal.
  2123 | D:2      | Found a shimmering altar of Xom.
  2123 | D:2      | Found a blossoming altar of Fedhas.
  2125 | D:2      | Found a basalt altar of Yredelemnul.
  2125 | D:2      | Found a basalt altar of Yredelemnul.
  2125 | D:2      | Found a shimmering altar of Xom.
  2328 | D:3      | Reached XP level 5. HP: 44/44 MP: 4/4
  2346 | D:3      | Reached skill level 5 in Axes
  2367 | D:3      | Reached skill level 1 in Shields
  3042 | D:3      | You fall through a shaft!
  3057 | D:4      | Noticed Blork the orc
  3072 | D:4      | Killed Blork the orc
  3072 | D:4      | Reached XP level 6. HP: 38/51 MP: 5/5
  3115 | D:4      | Noticed Ijyb
  3141 | D:4      | Killed Ijyb
  3141 | D:4      | Reached skill level 6 in Axes
  3450 | D:4      | Found a staircase to the Ecumenical Temple.
  3463 | Temple   | Entered the Ecumenical Temple
  3603 | Temple   | Became a worshipper of Gozag Ym Sagoz the Greedy
  3759 | D:5      | Entered Level 5 of the Dungeon
  3811 | D:5      | Noticed an ice beast
  3815 | D:5      | Killed an ice beast
  3815 | D:5      | Reached XP level 7. HP: 45/58 MP: 6/6
  3848 | D:5      | Reached skill level 7 in Axes
  4587 | D:5      | Reached skill level 8 in Axes
  4926 | D:6      | Reached XP level 8. HP: 54/67 MP: 7/7
  4935 | D:6      | Reached skill level 5 in Armour
  4935 | D:6      | Reached skill level 5 in Dodging
  5021 | D:6      | Reached skill level 5 in Fighting
  5103 | D:6      | Reached skill level 9 in Axes
  5535 | D:7      | Found Mevvitri's Merry Market.
  5664 | D:7      | Reached XP level 9. HP: 44/74 MP: 8/8
  5898 | D:7      | Reached skill level 10 in Axes
  6357 | D:8      | Noticed a gargoyle
  6364 | D:8      | Reached skill level 5 in Shields
  6368 | D:8      | Killed a gargoyle
  6640 | D:8      | Reached skill level 11 in Axes
  7130 | D:8      | Reached XP level 10. HP: 74/83 MP: 9/9
  7367 | D:9      | Got a translucent short sword
  7368 | D:9      | Identified the +6 short sword of Generosity {holy, Str+4}
                  | (You found it on level 9 of the Dungeon)
  7450 | D:9      | Noticed an eight-headed hydra
  7453 | D:9      | Noticed a two-headed ogre
  7463 | D:9      | Slain by an eight-headed hydra

Skill      XL: |  1  2  3  4  5  6  7  8  9 10 |
---------------+-------------------------------+-----
Axes           | 4 5 6 8 9 11 | 11.4
Dodging        | 4 5 6 |  6.5
Armour         | 1 2 3 4 6 7 |  7.1
Fighting       | 3 4 5 6 7 |  7.0
Shields        | 1 2 4 6 7 |  7.0
Throwing       | 3 |  3.1
Short Blades   | |  0.3
Stealth        | |  0.4

Action                   |  1- 3 |  4- 6 |  7- 9 | 10-12 || total
-------------------------+-------+-------+-------+-------++-------
Melee: War axe           |    73 |   147 |   275 |    20 ||   515
       Headbutt          |     5 |    23 |    57 |    11 ||    96
       Short sword       |       |       |       |    17 ||    17
Throw: Throwing net      |       |     3 |     1 |     2 ||     6
       Tomahawk          |       |       |     9 |       ||     9
       Javelin           |       |       |     4 |     2 ||     6
Invok: Potion Petition   |       |       |     2 |       ||     2
  Use: Potion            |     1 |     1 |       |       ||     2
       Scroll            |       |       |     9 |     1 ||    10
 Stab: Invisible         |       |       |     5 |       ||     5
       Held in net/web   |       |       |     1 |       ||     1
  Eat: Ration            |     1 |       |     5 |       ||     6
       Chunk             |       |     5 |       |       ||     5
Armor: Leather armour    |    31 |       |       |       ||    31
       Ring mail         |       |    55 |    81 |    10 ||   146
Dodge: Dodged            |    60 |   107 |    98 |    12 ||   277
Block: Buckler           |     8 |    27 |     1 |       ||    36
       Large shield      |       |       |   227 |    42 ||   269
